 Dungeon Crawl Stone Soup version 0.31.0-9-g3a7656b989 (webtiles) character file.

Game seed: 9460654583057026477

86 qw the Shooter (level 4, -3/22 HPs)
             Began as a Spriggan Hunter on Feb 2, 2024.
             Slain by Grinder (6 damage)
             ... on level 3 of the Dungeon.
             The game lasted 00:00:07 (1337 turns).

qw the Shooter (Spriggan Hunter)                    Turns: 1337, Time: 00:00:07

Health: -3/22      AC:  2    Str:  7    XL:     4   Next: 26%
Magic:  5/5        EV: 20    Int: 10    God:
Gold:   78         SH:  0    Dex: 20    Spells: 3/3 levels left

rFire   . . .        a - +0 shortbow
rCold   . . .        (shield currently unavailable)
rNeg    . . .        c - +0 robe
rPois   .            (helmet restricted)
rElec   .            (no cloak)
rCorr   .            (gloves unavailable)
SInv    +            (boots unavailable)
Will    .....        (no amulet)
Stlth   ++           (no ring)
HPRegen 0.23/turn    (no ring)
MPRegen 0.09/turn

%: no passive effects
@: very quick
A: very small, no large weapons, unfitting armour, see invisible, speed 3
a: no special abilities


You were on level 3 of the Dungeon.
You visited 1 branch of the dungeon, and saw 3 of its levels.

You collected 78 gold pieces.


Innate Abilities, Weirdness & Mutations

You are very small and have problems with some larger weapons.
You are too small for most types of armour.
You have supernaturally acute eyesight. (SInv)
You cover ground extremely quickly. (Speed+++)


   Skills:
 - Level 1.5 Fighting
 - Level 5.0 Ranged Weapons
 + Level 4.7 Dodging
 - Level 1.5 Stealth


You had 3 spell levels left.
You didn't know any spells.
Your spell library was empty.

Inventory:

Hand Weapons
 a - a +0 shortbow (weapon)
 i - the +2 sling of Causality {flame, +Blink rF+ rN+ Str-5}
   (You found it on level 2 of the Dungeon)

   Str-5:     It affects your strength (-5).
   rF+:       It protects you from fire.
   rN+:       It protects you from negative energy.
   +Blink:    It lets you blink.
Armour
 c - a +0 robe (worn)
Potions
 f - 2 potions of enlightenment
 g - a potion of curing

Dungeon Overview and Level Annotations

Branches:
Dungeon (3/15)

Altars:

Annotations:
D:3 Grinder


Message History

Grinder closely misses you.
You shoot an arrow.
The arrow hits Grinder but does no damage.
Grinder is heavily wounded.
Grinder barely misses you.
You shoot an arrow. The arrow hits Grinder.
Grinder is severely wounded.
Grinder blinks!
1309 ||| FLEEEEING.
1310 ||| FLEEEEING.
1311 ||| FLEEEEING.
You start resting.
Grinder is nearby!
1315 ||| FLEEEEING.
1316 ||| FLEEEEING.
There is a stone staircase leading down here.
1317 ||| FLEEEEING.
1318 ||| FLEEEEING.
1319 ||| FLEEEEING.
You start resting.
Grinder is nearby!
1321 ||| FLEEEEING.
You start resting.
Grinder is nearby!
1323 ||| FLEEEEING.
You start resting.
Your extra speed is starting to run out.
Grinder is nearby!
1328 ||| FLEEEEING.
You start resting.
Grinder is nearby!
You shoot an arrow. The arrow barely misses Grinder.
You feel yourself slow down.
You shoot an arrow. The arrow barely misses Grinder.
You shoot an arrow.
The arrow hits Grinder but does no damage.
Grinder is severely wounded.
Grinder hits you!
You writhe in agony.
You die...
Grinder sighs, "Dead already?
I want a refund."

##.5.## #...## #######
##..###... ........# ##5>.....#
........# #...######
........#####..##
...............#
...............####
........##...#.5@.#########.##
............#####............#.
.........#.## #######........
.........#.# #.........
...........# #.........
#####.....## #.........
##...### #.)....... #...##
#<%....... #.### #.........


You could see Grinder.

Vanquished Creatures
  2 adders
  An orc (D:2)
  2 bats
  4 endoplasms
  5 giant cockroaches
  9 goblins
  7 hobgoblins
  6 jackals (D:2)
  8 ball pythons
  6 frilled lizards
  8 kobolds
  6 rats
64 creatures vanquished.

Notes
Turn   | Place    | Note
-------+----------+-------------------------------------------
     0 | D:1      | qw the Spriggan Hunter began the quest for the Orb.
     0 | D:1      | Reached XP level 1. HP: 10/10 MP: 2/2
     0 | D:1      | 0 ||| qw: Version: 0.3-a-155-g5e7d8dd
     0 | D:1      | 0 ||| qw: Game counter: 902
     0 | D:1      | 0 ||| qw: Melee chars always use a shield: true
     0 | D:1      | 0 ||| qw: God list: Okawaru
     0 | D:1      | 0 ||| qw: Allow faded altars: false
     0 | D:1      | 0 ||| qw: Do Orc after clearing Dungeon:15 true
     0 | D:1      | 0 ||| qw: Do second Lair branch before Depths: true
     0 | D:1      | 0 ||| qw: Lair rune preference: random
     0 | D:1      | 0 ||| qw: Goals: Normal
     0 | D:1      | 0 ||| PLANNING D:1-11
    42 | D:1      | 42 ||| RETREEEEATING.
    44 | D:1      | Reached skill level 3 in Dodging
    56 | D:1      | Found a faded altar of an unknown god.
    75 | D:1      | Reached XP level 2. HP: 14/14 MP: 3/3
   353 | D:1      | Reached XP level 3. HP: 18/18 MP: 4/4
   536 | D:1      | 536 ||| READING scroll labelled GILYLL LYMUVASESI.
   536 | D:1      | 536 ||| IDENTIFYING grey potion
   537 | D:1      | 537 ||| DRINKING 2 ruby potions.
   538 | D:1      | 538 ||| DROPPING scroll of butterflies.
   984 | D:2      | Reached skill level 5 in Ranged Weapons
  1101 | D:2      | Reached XP level 4. HP: 22/22 MP: 5/5
  1165 | D:2      | Identified the +2 sling of Causality {flame, +Blink rF+ rN+
                  | Str-5}
  1184 | D:2      | 1184 ||| READING 2 scrolls of identify.
  1184 | D:2      | 1184 ||| IDENTIFYING sedimented green potion
  1185 | D:2      | 1185 ||| READING scroll of identify.
  1185 | D:2      | 1185 ||| IDENTIFYING fizzy blue potion
  1186 | D:2      | 1186 ||| READING scroll labelled WIESOE WEM RIA.
  1187 | D:2      | 1187 ||| DROPPING potion of brilliance.
  1286 | D:3      | Noticed Grinder
  1287 | D:3      | 1287 ||| DRINKING potion of haste.
  1305 | D:3      | HP: 5/22 [Grinder (7)]
  1309 | D:3      | 1309 ||| FLEEEEING.
  1310 | D:3      | 1310 ||| FLEEEEING.
  1311 | D:3      | 1311 ||| FLEEEEING.
  1315 | D:3      | 1315 ||| FLEEEEING.
  1316 | D:3      | 1316 ||| FLEEEEING.
  1317 | D:3      | 1317 ||| FLEEEEING.
  1318 | D:3      | 1318 ||| FLEEEEING.
  1319 | D:3      | 1319 ||| FLEEEEING.
  1321 | D:3      | 1321 ||| FLEEEEING.
  1323 | D:3      | 1323 ||| FLEEEEING.
  1328 | D:3      | 1328 ||| FLEEEEING.
  1337 | D:3      | HP: 3/22 [Grinder (7)]
  1337 | D:3      | Slain by Grinder

Levels and vault maps discovered:
D:1:      eino_arrival_cavern_a, layout_rooms, serial_bayou,
          serial_bayou_ford_a, serial_bayou_pond_b, serial_bayou_pond_e,
          serial_bayou_pond_c, serial_bayou_pond_b, serial_bayou_pond_e,
          chequers_ecumenical_altar_simple_redux, skrybe_limestone_x,
          wad_floor_pattern_2
D:2:      layout_basic
D:3:      layout_rooms, tso_oasis_becter, uniq_jessica, uniq_grinder

Skill      XL: |  1  2  3 |
---------------+----------+-----
Dodging        | 3 4 |  4.7
Ranged Weapons | 5 |  5.0
Fighting       | |  1.5
Stealth        | |  1.5

Action                     |  1- 3 |  4- 6 || total
---------------------------+-------+-------++-------
   Fire: Shortbow          |   145 |    36 ||   181
    Use: Scroll            |     1 |     3 ||     4
         Potion            |     1 |     1 ||     2
 Armour: Robe              |    21 |     5 ||    26
  Dodge: Dodged            |    87 |    12 ||    99

Table legend:
 A = Non-vault XP
 B = Vault XP
 C = Vault XP percentage of total XP
 D = Non-vault monster count
 E = Vault monster count
 F = Vault count percentage of total count
                 A         B        C        D         E       F
            +---------+---------+-------+---------+---------+-------
      Total |     111 |      12 |   9.8 |      56 |       8 |  12.5
            +---------+---------+-------+---------+---------+-------
        D:1 |      38 |      12 |  24.0 |      26 |       8 |  23.5
        D:2 |      55 |       0 |   0.0 |      25 |       0 |   0.0
        D:3 |      18 |       0 |   0.0 |       5 |       0 |   0.0
            +---------+---------+-------+---------+---------+-------
